 Dungeon Crawl Stone Soup version 0.22.0-40-g68aacdc (webtiles) character file.

1179 shadizar the Shield-Bearer (level 8, -7/51 HPs)
             Began as a Gargoyle Fighter on Sept 2, 2018.
             Mangled by an orc warrior
             ... wielding a +0 glaive
              (9 damage)
             ... on level 5 of the Dungeon.
             The game lasted 00:13:21 (5634 turns).

shadizar the Shield-Bearer (Gargoyle Fighter)       Turns: 5634, Time: 00:13:22

Health: -7/51      AC: 15    Str: 23    XL:     8   Next: 42%
Magic:  8/8        EV:  8    Int:  8    God:
Gold:   215        SH: 13    Dex: 13    Spells: 7/7 levels left

rFire    . . .     SeeInvis .   r - -2 short sword (curse)
rCold    . . .     Gourm    .   x - +3 shield {rN+}
rNeg     + + .     Faith    .   i - +0 chain mail
rPois    ∞         Spirit   .   (no helmet)
rElec    +         Reflect  .   (no cloak)
rCorr    .         Harm     .   (no gloves)
MR       +....                  (no boots)
Stlth    ..........             (no amulet)
HPRegen  0.17/turn              y - ring "Zemen" {Wiz rElec Dex+4}
MPRegen  0.11/turn              e - ring of protection from magic

@: no status effects
A: negative energy resistance 1, electricity resistance, unbreathing,
petrification resistance, rot immunity, AC +5
a: no special abilities


You were on level 5 of the Dungeon.
You were very hungry.

You visited 1 branch of the dungeon, and saw 6 of its levels.

You collected 215 gold pieces.

Inventory:

Hand Weapons
 a - a +1 flail
 n - a +0 spear of freezing
 r - a cursed -2 short sword (weapon)
 t - a cursed -1 war axe
Armour
 i - a +0 chain mail (worn)
 x - a +3 shield of positive energy (worn)
Jewellery
 e - a ring of protection from magic (right hand)
 y - the ring "Zemen" (left hand) {Wiz rElec Dex+4}
   (You found it on level 5 of the Dungeon)

   [ring of wizardry]

   It improves your spell success rate.
   It affects your dexterity (+4).
   It insulates you from electricity.
Scrolls
 j - 2 scrolls of amnesia
 k - 7 scrolls of identify
 m - a scroll of enchant weapon
 s - a scroll of enchant armour
Potions
 d - 3 potions of might
 l - 2 potions of ambrosia
 o - a potion of curing {unknown}
 v - a potion of heal wounds {unknown}
 z - a potion of invisibility
Comestibles
 f - 7 rations


   Skills:
 + Level 5.7 Fighting
 + Level 0.9 Short Blades
 + Level 4.7 Maces & Flails
 + Level 5.6 Armour
 + Level 3.3 Dodging
 + Level 5.7 Shields


You had 7 spell levels left.
You didn't know any spells.
Your spell library contained the following spells:

 Spells                   Type           Power        Failure   Level  Hunger
 Confusing Touch          Hex            #.....       98%         1    ##.....
 Confuse                  Hex            #.......     100%        3    ####...
 Gell's Gravitas          Tloc           #.........   100%        3    ####...
 Petrify                  Tmut/Erth      #.......     100%        4    #####..
 Metabolic Englaciation   Hex/Ice        #.........   100%        5    ######.
 Yara's Violent Unravell  Hex/Tmut       #.........   100%        5    ######.


Dungeon Overview and Level Annotations

Branches:
Dungeon (6/15)
 Temple: D:4-7

Altars:

Annotations:
D:2 Terence
D:5 Edmund


Innate Abilities, Weirdness & Mutations

You are resistant to torment.
Your stone body is resilient. (AC +5)
You are immune to poison.
You resist negative energy. (rN+)
You are resistant to electric shocks. (rElec)
You can survive without breathing.
You are immune to petrification.
You are immune to rotting.


Message History

The orc hits you but does no damage.
The orc warrior hits you but does no damage.
You block the orc's attack.
You hit the orc warrior.
The orc warrior is moderately wounded.
You block the orc warrior's attack. You block the orc's attack.
You hit the orc warrior.
The orc warrior is moderately wounded.
You block the orc warrior's attack. You block the orc's attack.
You completely miss the orc warrior.
The orc warrior is moderately wounded.
You block the orc's attack.
The orc warrior hits you but does no damage.
You hit the orc warrior but do no damage.
The orc warrior is moderately wounded.
You block the orc's attack. You block the orc warrior's attack.
You barely miss the orc warrior.
The orc warrior is moderately wounded.
You block the orc's attack. The orc warrior hits you with a glaive!
You die...

.........#..####.#
###.###
########.........#
*#.#.## ###..######
##.###.## #..# #.#*
##.# #..# ##.###.##
#..# *#.#.## #..#
*#<##
#..###############.#
######
#..##.o@o..........#
.....#
###..##.##############
####.###....##.#
#........##.#
######.#####.#
#......# #.# #.###..#
#.# #.# #..# #.# ###.#
#.<# #.#


You could see an orc warrior and an orc.

Vanquished Creatures
  2 phantoms
  A centaur (D:6)
  An ogre (D:5)
  4 scorpions
  A bullfrog zombie (D:5)
  A hound (D:5)
  3 orc priests
  A centaur skeleton (D:4)
  An iguana (D:2)
  3 orc wizards
  4 worker ants
  2 worker ant zombies (D:5)
  7 gnolls (D:4)
  6 adders
  3 oozes
  4 worms
  2 dart slugs
  5 leopard geckos
  19 orcs
  3 bats
  4 giant cockroaches
  4 hobgoblins
  4 jackals (D:3)
  5 kobolds
  2 quokkas (D:4)
  2 ball pythons
  4 frilled lizards
  7 goblins
  A leopard gecko skeleton (D:4)
  A quokka skeleton (D:4)
  8 rats
115 creatures vanquished.

Notes
Turn   | Place    | Note
-------+----------+-------------------------------------------
     0 | D:1      | shadizar the Gargoyle Fighter began the quest for the Orb.
     0 | D:1      | Reached XP level 1. HP: 14/14 MP: 1/1
   244 | D:1      | Reached XP level 2. HP: 16/19 MP: 2/2
   910 | D:2      | Reached XP level 3. HP: 19/23 MP: 3/3
   967 | D:2      | Noticed Terence
  1189 | D:2      | Reached skill level 1 in Dodging
  1462 | D:2      | Reached XP level 4. HP: 29/29 MP: 4/4
  1906 | D:3      | Reached XP level 5. HP: 32/33 MP: 5/5
  2467 | D:3      | Reached XP level 6. HP: 15/39 MP: 6/6
  3290 | D:4      | Reached XP level 7. HP: 29/44 MP: 7/7
  3934 | D:5      | Entered Level 5 of the Dungeon
  3942 | D:5      | Reached skill level 5 in Shields
  4024 | D:5      | Reached skill level 5 in Fighting
  4094 | D:5      | Reached skill level 5 in Armour
  4105 | D:5      | Got a pitted granite ring
  4190 | D:5      | Noticed Edmund
  4556 | D:5      | Reached XP level 8. HP: 42/49 MP: 8/8
  4832 | D:5      | Identified the ring "Zemen" {Wiz rElec Dex+4} (You found it on level 5 of the Dungeon)
  5626 | D:5      | HP: 1/51 [orc warrior/glaive (4)]
  5634 | D:5      | Mangled by an orc warrior

Skill      XL: |  1  2  3  4  5  6  7 |
---------------+----------------------+-----
Dodging        | 1 2 3 |  3.3
Fighting       | 4 5 |  5.7
Armour         | 4 5 |  5.6
Shields        | 4 5 |  5.7
Maces & Flails | 3 4 |  4.7
Short Blades   | |  0.9

Action                   |  1- 3 |  4- 6 |  7- 9 || total
-------------------------+-------+-------+-------++-------
Melee: Flail             |   121 |   273 |   141 ||   535
       Short sword       |       |       |   209 ||   209
  Use: Scroll            |       |       |    10 ||    10
  Eat: Chunk             |     1 |     3 |     5 ||     9
       Ration            |       |     1 |     1 ||     2
Armor: Scale mail        |    33 |       |       ||    33
       Chain mail        |    44 |   247 |   154 ||   445
Dodge: Dodged            |    35 |   100 |    78 ||   213
Block: Shield            |    66 |   186 |   232 ||   484
